 Dungeon Crawl Stone Soup version 0.25-a0-294-gea9b1ad378 (webtiles) character file.

Game seed: 17871377522403117357, levelgen mode: classic

875 Borgoz the Slasher (level 8, -12/46 HPs)
             Began as a Gargoyle Berserker on Dec 17, 2019.
             Was a Priest of Trog.
             Mangled by an ogre
             ... wielding a +0 giant club
              (23 damage)
             ... on level 4 of the Dungeon.
             The game lasted 00:04:14 (3119 turns).

Borgoz the Slasher (Gargoyle Berserker)             Turns: 3119, Time: 00:04:15

Health: -12/46     AC: 11    Str: 22    XL:     8   Next: 4%
Magic:  8/8        EV: 12    Int: 12    God:    Trog [***...]
Gold:   102        SH:  0    Dex: 11    Spells: 7/7 levels left

rFire    + . .     SeeInvis .   k - +0 long sword
rCold    . . .     Gourm    .   (no shield)
rNeg     + . .     Faith    .   a - +0 leather armour {rF+}
rPois    ∞         Spirit   .   l - +0 helmet
rElec    +         Reflect  .   (no cloak)
rCorr    .         Harm     .   (no gloves)
MR       .....     Clarity  +   i - +0 pair of boots
Stlth    +.........             (no amulet)
HPRegen  0.15/turn              (no ring)
MPRegen  0.11/turn              (no ring)

@: brilliant, berserk cooldown, hasted and slowed
A: clarity, deterioration 1, negative energy resistance 1, screaming 2,
electricity resistance, unbreathing, petrification resistance, rot immunity, AC
+5
a: Berserk, Trog's Hand, Renounce Religion


You were on level 4 of the Dungeon.
You worshipped Trog.
Trog was most pleased with you.
You were very hungry.

You visited 1 branch of the dungeon, and saw 4 of its levels.

You collected 102 gold pieces.

Inventory:

Hand Weapons
 k - a +0 long sword (weapon)
Armour
 a - a +0 leather armour of fire resistance (worn)
 b - a +0 animal skin
 i - a +0 pair of boots (worn)
 l - a +0 helmet (worn)
Wands
 s - a wand of flame (15)
Scrolls
 d - 2 scrolls of remove curse {unknown}
 e - 3 scrolls of identify {unknown}
 f - 2 scrolls of enchant armour {unknown}
 g - 3 scrolls of amnesia {unknown}
 j - a scroll of teleportation {unknown}
 n - a scroll of noise {unknown}
 p - a scroll of fog {unknown}
 q - a scroll of immolation {unknown}
Potions
 t - a potion of curing {unknown}
Comestibles
 c - 7 rations
 o - 9 chunks of flesh


   Skills:
 - Level 3.2 Fighting
 * Level 6.8 Long Blades
 + Level 5.5 Armour
 + Level 2.8 Dodging


You had 7 spell levels left.
You didn't know any spells.
Your spell library was empty.

Dungeon Overview and Level Annotations

Branches:
Dungeon (4/15)
 Temple: D:4-7

Altars:
Ashenzari


Innate Abilities, Weirdness & Mutations

You are resistant to torment.
Your stone body is resilient. (AC +5)
You are immune to poison.
You resist negative energy. (rN+)
You are resistant to electric shocks. (rElec)
You can survive without breathing.
You are immune to petrification.
You are immune to rotting.
You possess an exceptional clarity of mind.
Your body sometimes deteriorates upon taking damage.
You sometimes yell uncontrollably at your foes.


Message History

The jackal bites you but does no damage.
The water moccasin skeleton barely misses you.
The howler monkey hoots and howls with incredible vigour!
The jackal closely misses you.
You riposte.
You hit the jackal but do no damage.
The jackal is severely wounded.
The water moccasin skeleton bites you but does no damage.
You hear an angry hiss.
You hear a shout!
You closely miss the water moccasin skeleton.
The water moccasin skeleton is severely damaged.
The howler monkey hits you but does no damage.
The jackal bites you but does no damage.
The howler monkey barely misses you.
The jackal bites you but does no damage.
You hit the ogre but do no damage.
The jackal bites you but does no damage.
The howler monkey hoots and howls with incredible vigour!
The ogre hits you with a +0 giant club!!
Ouch! That really hurt!
You die...

....................#
<........###.#...#...#
.......##...##...#....#
.............####......#
.........(...# #....##
...[.........# ....#
..........#.## ..
..#.####.h### . # #Zh@#
#$.....O## ........#
....##### .... ... ..


You could see an ogre, a howler monkey, a jackal and a water moccasin skeleton.

Vanquished Creatures
  Grinder (D:3)
  A steam dragon (D:4)
  An ogre (D:4)
  A crocodile (D:4)
  A bullfrog (D:2)
  A hound (D:4)
  An orc wizard (D:4)
  Natasha (thrice) (D:3)
  A worker ant (D:4)
  Robin (D:2)
  4 gnolls (D:3)
  4 adders
  3 worms
  3 dart slugs
  4 leopard geckos
  3 orcs
  7 bats
  3 giant cockroaches
  17 goblins
  4 hobgoblins
  10 jackals
  4 kobolds
  A quokka (D:3)
  3 frilled lizards
  8 rats
90 creatures vanquished.

Vanquished Creatures (others)
  A worker ant (D:4)
  2 jackals (D:4)
3 creatures vanquished.

Grand Total: 93 creatures vanquished

Notes
Turn   | Place    | Note
-------+----------+-------------------------------------------
     0 | D:1      | Borgoz the Gargoyle Berserker began the quest for the Orb.
     0 | D:1      | Reached XP level 1. HP: 14/14 MP: 1/1
   290 | D:1      | Reached skill level 3 in Long Blades
   295 | D:1      | Reached XP level 2. HP: 18/19 MP: 2/2
  1018 | D:2      | Reached XP level 3. HP: 18/23 MP: 3/3
  1178 | D:2      | Reached ** piety under Trog
  1880 | D:2      | Reached XP level 4. HP: 28/28 MP: 4/4
  1925 | D:2      | Noticed Robin
  1932 | D:2      | Reached skill level 4 in Long Blades
  1937 | D:2      | Killed Robin
  1976 | D:2      | Noticed a bullfrog
  1991 | D:2      | Killed a bullfrog
  1991 | D:2      | Reached XP level 5. HP: 21/32 MP: 5/5
  2367 | D:3      | Noticed Grinder
  2368 | D:3      | Paralysed by Grinder for 2 turns
  2375 | D:3      | Killed Grinder
  2375 | D:3      | Reached skill level 5 in Long Blades
  2375 | D:3      | Reached XP level 6. HP: 37/37 MP: 6/6
  2428 | D:3      | Noticed Natasha
  2435 | D:3      | Killed Natasha
  2554 | D:3      | Reached *** piety under Trog
  2555 | D:3      | Reached XP level 7. HP: 41/41 MP: 7/7
  2595 | D:3      | Noticed Natasha
  2602 | D:3      | Killed Natasha
  2831 | D:3      | Noticed Natasha
  2843 | D:3      | Killed Natasha
  2843 | D:3      | Reached skill level 6 in Long Blades
  2960 | D:4      | Found a shattered altar of Ashenzari.
  2971 | D:4      | Reached skill level 5 in Armour
  3091 | D:4      | Noticed a steam dragon
  3106 | D:4      | Killed a steam dragon
  3106 | D:4      | Reached XP level 8. HP: 13/46 MP: 8/8
  3114 | D:4      | Gained mutation: Your body sometimes deteriorates upon
                  | taking damage. [potion of mutation]
  3114 | D:4      | Gained mutation: You occasionally shout uncontrollably at
                  | your foes. [potion of mutation]
  3114 | D:4      | Gained mutation: You sometimes yell uncontrollably at your
                  | foes. [potion of mutation]
  3114 | D:4      | Gained mutation: You possess an exceptional clarity of
                  | mind. [potion of mutation]
  3119 | D:4      | Mangled by an ogre

Levels and vault maps discovered:
D:1:      lemuel_arrival_lava_pool, layout_basic
D:2:      layout_basic, minivault_19, uniq_robin
D:3:      layout_rooms, first_ration, nrook_mini_backslash, uniq_grinder,
          uniq_natasha
D:4:      layout_cave_pools, ashenzari_altar_1, uniq_blork_the_orc

Skill      XL: |  1  2  3  4  5  6  7 |
---------------+----------------------+-----
Long Blades    | 3 4 5 6 |  6.8
Armour         | 3 4 5 |  5.5
Dodging        | 2 |  2.8
Fighting       | |  3.2

Action                   |  1- 3 |  4- 6 |  7- 9 || total
-------------------------+-------+-------+-------++-------
Melee: Falchion          |   113 |    28 |       ||   141
       Long sword        |       |    41 |    65 ||   106
Invok: Berserk           |       |     4 |     2 ||     6
  Use: Potion            |       |       |     3 ||     3
 Stab: Sleeping          |     1 |       |     1 ||     2
  Eat: Chunk             |     3 |     5 |     4 ||    12
Armor: Animal skin       |    51 |     8 |       ||    59
       Leather armour    |       |    12 |    41 ||    53
Dodge: Dodged            |    89 |    40 |    53 ||   182
       Rpst.: Falchion   |    30 |     5 |       ||    35
       Long sword        |       |    11 |    23 ||    34

Table legend:
 A = Non-vault XP
 B = Vault XP
 C = Vault XP percentage of total XP
 D = Non-vault monster count
 E = Vault monster count
 F = Vault count percentage of total count
                 A         B        C        D         E       F
            +---------+---------+-------+---------+---------+-------
      Total |     922 |     329 |  26.3 |      82 |       9 |   9.9
            +---------+---------+-------+---------+---------+-------
        D:1 |      27 |       0 |   0.0 |      13 |       0 |   0.0
        D:2 |     160 |      27 |  14.4 |      30 |       7 |  18.9
        D:3 |     201 |     302 |  60.0 |      26 |       2 |   7.1
        D:4 |     534 |       0 |   0.0 |      13 |       0 |   0.0
            +---------+---------+-------+---------+---------+-------
